 Dungeon Crawl Stone Soup version 0.25.1-2-g60ff931 (webtiles) character file.

Game seed: 8526480832171772720

683 Captinkiss the Vandal (level 7, -2/36 HPs)
             Began as a Spriggan Hunter on Aug 19, 2020.
             Was an Initiate of Gozag.
             Killed from afar by an orc wizard (13 damage)
             ... with a puff of frost
             ... on level 4 of the Dungeon.
             The game lasted 00:10:43 (3979 turns).

Captinkiss the Vandal (Spriggan Hunter)             Turns: 3979, Time: 00:10:47

Health: -2/36      AC:  3    Str: 10    XL:     7   Next: 35%
Magic:  8/8        EV: 26    Int: 19    God:    Gozag
Gold:   366        SH:  0    Dex: 18    Spells: 6/6 levels left

rFire    . . .     SeeInvis +   C - +0 fustibalus
rCold    . . .     Gourm    .   (shield restricted)
rNeg     . . .     Faith    .   c - +0 robe
rPois    .         Spirit   .   m - +1 hat
rElec    .         Reflect  .   v - +0 cloak
rCorr    .         Harm     .   (gloves unavailable)
MR       +....     Clarity  +   (boots unavailable)
Stlth    ++++......             (no amulet)
HPRegen  0.12/turn              p - +4 ring of evasion
MPRegen  0.11/turn              B - +6 ring of intelligence

@: very quick
A: very small, unfitting armour, horns 1, see invisible, agile 1, clarity,
deformed body, herbivore, speed 3, slow metabolism 2
a: Potion Petition, Call Merchant, Bribe Branch, Renounce Religion


You were on level 4 of the Dungeon.
You worshipped Gozag.
Gozag was aware of your devotion.
You were not hungry.

You visited 1 branch of the dungeon, and saw 5 of its levels.

You collected 380 gold pieces.
You paid 14 gold pieces to Gozag.

Inventory:

Hand Weapons
 a - a +1 hunting sling
 b - a +0 short sword
 C - a +0 fustibalus (weapon)
Missiles
 d - 47 sling bullets
 e - 8 javelins
 i - 63 stones (quivered)
 k - 50 bolts
 l - 19 arrows
Armour
 c - a +0 robe (worn)
 m - a +1 hat (worn)
 v - a +0 cloak (worn)
Jewellery
 p - a +4 ring of evasion (left hand)
 B - a +6 ring of intelligence (right hand)
 E - a +6 ring of dexterity {unknown}
Wands
 u - a wand of paralysis (11)
Scrolls
 h - 2 scrolls of magic mapping {unknown}
 j - 3 scrolls of noise {unknown}
 o - 2 scrolls of identify {unknown}
 q - a scroll of fear {unknown}
 s - a scroll of remove curse {unknown}
 w - a scroll of enchant weapon {unknown}
 y - a scroll of enchant armour {unknown}
 D - 2 scrolls of teleportation {unknown}
Potions
 g - a potion of brilliance {unknown}
 n - a potion of lignification {unknown}
 r - a potion of degeneration {unknown}
 x - 2 potions of flight {unknown}
 z - a potion of ambrosia {unknown}
 A - a potion of heal wounds {unknown}
Comestibles
 f - 8 rations


   Skills:
 + Level 3.6 Fighting
 + Level 6.8 Slings
 + Level 6.4 Dodging
 + Level 6.4 Stealth


You had 6 spell levels left.
You didn't know any spells.
Your spell library was empty.

Dungeon Overview and Level Annotations

Branches:
Dungeon (5/15)
 Temple: D:4-7

Altars:
Ashenzari
Dithmenos
Gozag
Okawaru
Qazlal


Innate Abilities, Weirdness & Mutations

You are very small and have problems with some larger weapons.
You are too small for most types of armour.
You have supernaturally acute eyesight. (SInv)
You are a herbivore.
You cover ground extremely quickly.
You need to consume almost no food.
You have a pair of small horns on your head.
You are agile. (Dex +2)
You possess an exceptional clarity of mind.
Armour fits poorly on your strangely shaped body.


Message History

The orc wizard seems to speed up.
You feel better.
The orc wizard gestures at you while chanting.
The magic dart hits you.
Firing (i - inventory. (/) - cycle)
i - 65 stones (quivered)
Press: ? - help, Shift-Dir - straight line, f - orc wizard
Aim: an orc wizard, wielding a +0 dagger and wearing a cursed +0 robe (fast)
You shoot a stone. The stone hits the orc wizard!
The orc wizard is heavily wounded.
Firing (i - inventory. (/) - cycle)
i - 64 stones (quivered)
Press: ? - help, Shift-Dir - straight line, f/p - orc wizard
Aim: an orc wizard, wielding a +0 dagger and wearing a cursed +0 robe (heavily wounded, fast)
You shoot a stone.
The stone closely misses the orc wizard.
The orc wizard gestures at you while chanting.
The puff of frost hits you!
The orc wizard points at you and mumbles some strange words.
The puff of frost hits you!
You die...
Your body crumbles into a pile of gold.

.........# #..................#
##.......# #..................#
.#############..................#
.##......................(......#
8#.......................$.......
.#...............................
.#...................o...........
##................)..............
................@.oo(..(.........
#####'#.....#############.....###
#....#.....#.......# #.....#
#....#..>..#.......# #.....#
#....#.....#.......# #.....#
#....#.....'.......# #.....#
#....#.....#.......# #.....#
######.....######### #.....#
####### #######


You could see 2 orc wizards and an orc.

Vanquished Creatures
  Sigmund (D:2)
  A phantom (D:4)
  A bullfrog (D:4)
  A water moccasin skeleton (D:4)
  2 orc priests
  Jessica (D:2)
  3 worker ants (D:4)
  4 adders
  4 gnolls
  An ooze (D:1)
  3 worms
  A dart slug (D:1)
  A leopard gecko (D:2)
  12 orcs
  6 giant cockroaches
  6 hobgoblins
  3 jackals (D:1)
  9 kobolds
  8 bats
  3 frilled lizards
  7 goblins
  5 rats
83 creatures vanquished.

Notes
Turn   | Place    | Note
-------+----------+-------------------------------------------
     0 | D:1      | Captinkiss the Spriggan Hunter began the quest for the Orb.
     0 | D:1      | Reached XP level 1. HP: 10/10 MP: 2/2
   429 | D:1      | Reached skill level 5 in Slings
   456 | D:1      | Reached XP level 2. HP: 15/15 MP: 3/3
  1152 | D:2      | Noticed Jessica
  1157 | D:2      | Killed Jessica
  1157 | D:2      | Reached XP level 3. HP: 18/18 MP: 4/4
  1335 | D:2      | Noticed Sigmund
  1363 | D:2      | Gained mutation: Armour fits poorly on your strangely
                  | shaped body. [potion of mutation]
  1363 | D:2      | Gained mutation: You have a pair of small horns on your
                  | head. [potion of mutation]
  1363 | D:2      | Gained mutation: You possess an exceptional clarity of
                  | mind. [potion of mutation]
  1363 | D:2      | Gained mutation: You are agile. (Dex +2) [potion of
                  | mutation]
  1377 | D:2      | Killed Sigmund
  1377 | D:2      | Reached skill level 5 in Dodging
  1377 | D:2      | Reached XP level 4. HP: 5/23 MP: 5/5
  1377 | D:2      | Reached XP level 5. HP: 6/27 MP: 6/6
  1713 | D:2      | Found an opulent altar of Gozag.
  1787 | D:2      | Became a worshipper of Gozag Ym Sagoz the Greedy
  2013 | D:3      | Found a shadowy altar of Dithmenos.
  2116 | D:3      | Found a stormy altar of Qazlal.
  2152 | D:3      | Reached XP level 6. HP: 32/32 MP: 7/7
  2498 | D:4      | Reached skill level 5 in Stealth
  3025 | D:4      | Found an iron altar of Okawaru.
  3079 | D:4      | Found a shattered altar of Ashenzari.
  3507 | D:4      | Reached XP level 7. HP: 36/36 MP: 8/8
  3948 | D:5      | Entered Level 5 of the Dungeon
  3979 | D:4      | Killed from afar by an orc wizard

Illustrated notes

Levels and vault maps discovered:
D:1:      minmay_arrival_hallway, layout_basic, minmay_tetromino_o2
D:2:      layout_basic, corner_web_ring, grunt_gozag_breadcrumbs, uniq_jessica,
          uniq_sigmund
D:3:      layout_rooms, nicolae_overflow_crystal_walls,
          small_statue_intersection, nicolae_dithmenos_shadow_blocks
D:4:      layout_gridville, kennysheep_okawaru_gauntlet,
          nicolae_ashenzari_panopticon
D:5:      layout_rooms, first_ration, hangedman_abyss_or_decor_stabs,
          trog_three_pillars_becter

Skill      XL: |  1  2  3  4  5  6  7 |
---------------+----------------------+-----
Stealth        | 2 3 4 5 6 |  6.4
Slings         | 5 6 |  6.8
Fighting       | 2 3 |  3.6
Dodging        | 5 6 |  6.4

Action                   |  1- 3 |  4- 6 |  7- 9 || total
-------------------------+-------+-------+-------++-------
Melee: Short sword       |     8 |       |     1 ||     9
 Fire: Hunting sling     |    78 |   133 |       ||   211
       Fustibalus        |       |    76 |    36 ||   112
  Use: Potion            |     3 |       |     1 ||     4
 Stab: Sleeping          |     3 |       |     1 ||     4
Armor: Robe              |     4 |     2 |       ||     6
Dodge: Dodged            |    30 |    49 |    20 ||    99
